 Dungeon Crawl Stone Soup version 0.21-a0-193-g085b6a0 (webtiles) character file.

13384 4thArraOfDagon the Covert (level 11, -4/75 HPs)
             Began as a Felid Conjurer on Aug 14, 2017.
             Was a High Priest of Cheibriados.
             Slain by an orc warrior
             ... wielding a +0 war axe
              (28 damage)
             ... on level 2 of the Orcish Mines on Aug 15, 2017.
             The game lasted 00:55:11 (11193 turns).

4thArraOfDagon the Covert (Felid Conjurer)         Turns: 11193, Time: 00:55:12

Health: -4/75      AC: 25    Str: 23    XL:     11   Next: 74%
Magic:  28/28      EV:  4    Int: 34    God:    Cheibriados [*****.]
Gold:   955        SH:  6    Dex: 32    Spells: 11/14 levels left
                                        Lives:  0   Deaths: 3

rFire    . . .     SeeInvis +     - Unarmed
rCold    + . .     Gourm    .   (shield unavailable)
rNeg     + + +     Faith    .   (armour unavailable)
rPois    +         Spirit   .   (helmet unavailable)
rElec    .         Reflect  +   (cloak unavailable)
rCorr    .         Harm     .   (gloves unavailable)
MR       +....     NoTele   +   (boots unavailable)
Stlth    +++++++...             d - +6 amulet of reflection
HPRegen  0.22/turn              z - ring of magical power
MPRegen  0.21/turn              s - ring of protection from cold

@: mighty, tree-form, very slow
A: no armour, no weapons or thrown items, stealth, see invisible, carnivore 3,
mutation resistance 1, slow metabolism 1
a: Bend Time, Temporal Distortion, Slouch, Step From Time, Renounce Religion


You were on level 2 of the Orcish Mines.
You worshipped Cheibriados.
Cheibriados was extremely pleased with you.
You were not hungry.
You were a tree.
You visited 3 branches of the dungeon, and saw 23 of its levels.

You collected 1423 gold pieces.
You spent 468 gold pieces at shops.

Inventory:

Jewellery
 d - a +6 amulet of reflection (around neck)
 l - an uncursed amulet of magic regeneration
 m - an uncursed ring of protection from cold
 n - an uncursed ring of protection from magic
 r - an uncursed ring of flight
 s - a ring of protection from cold (right branch)
 z - a ring of magical power (left branch)
 D - an uncursed ring of protection from magic
Wands
 k - a wand of flame (18/48)
 o - a wand of paralysis (0/24)
 A - a wand of polymorph (5/24)
 C - a wand of lightning (5/15)
 J - a wand of flame (27/48)
Scrolls
 e - 3 scrolls of enchant armour
 f - a scroll of enchant weapon
 g - a scroll of fear
 h - a scroll of magic mapping
 x - a scroll of random uselessness
 y - a scroll of vulnerability
 E - a scroll of fog
 I - a scroll of remove curse
Potions
 c - a potion of ambrosia
 j - a potion of haste
 p - 5 potions of curing
 q - 2 potions of brilliance
 t - a potion of invisibility
 v - a potion of agility
 w - 3 potions of heal wounds
 B - a potion of flight
 F - a potion of mutation
 G - a potion of degeneration {unknown}
Books
 a - a book of Conjurations

   Spells                             Type                      Level
   a - Magic Dart                     Conjuration                  1
   b - Searing Ray                    Conjuration                  2
   c - Dazzling Spray                 Conjuration/Hexes            3
   d - Fulminant Prism                Conjuration/Hexes            4
   e - Force Lance                    Conjuration/Translocation    4
   f - Iskenderun's Mystic Blast      Conjuration                  4
Comestibles
 b - 9 meat rations
 i - 4 royal jellies
 K - a chunk of flesh


   Skills:
 + Level 7.6 Fighting
 + Level 12.2 Dodging
 + Level 13.9 Stealth
 * Level 13.1 Unarmed Combat
 - Level 2.0 Spellcasting
 - Level 3.6 Conjurations
 + Level 9.5 Invocations


You had 11 spell levels left.
You knew the following spells:

 Your Spells              Type           Power        Failure   Level  Hunger
a - Magic Dart            Conj           ####         1%          1    None
b - Searing Ray           Conj           ####..       1%          2    ##.....


Dungeon Overview and Level Annotations

Branches:
Dungeon (15/15)            Temple (0/1) D:6            Lair (6/6) D:10
    Orc (2/2) D:9             Elf (0/3) Orc:2        Vaults (0/5) D:14
  Swamp: Lair:2-4    Shoals: Lair:2-4     Snake: Lair:2-4    Spider: Lair:2-4
  Slime: Lair:5-6    Depths: D:15

Altars:
Ashenzari
Cheibriados
Dithmenos
Fedhas
Okawaru
Qazlal
Ru

Shops:
Orc:2 [

Portals:
Trove: D:11 (give horn of Geryon)

Annotations:
D:4 p0werm0de's ghost, amateur DgNe
D:9 Gastronok
D:13 Kirke; Urug


Innate Abilities, Weirdness & Mutations

You cannot wear armour.
You are incapable of wielding weapons or throwing items.
Your paws allow you to move quietly. (Stealth)
((You have sharp claws.))
((You have razor-sharp teeth.))
You have supernaturally acute eyesight. (SInv)
You are carnivorous and can eat meat at any time.
((You cover ground quickly.))
((Your thick and shaggy fur keeps you warm. (AC +3, rC+)))
You have a slow metabolism.
((Your sharp claws are effective at attacking unaware monsters.))
You are somewhat resistant to further mutation.


Message History

The orc warlord is severely wounded.
You block the orc wizard's attack.
The orc wizard hits you but does no damage.
Unknown command.
The troll shouts!
You smack the orc warlord!
The orc warlord is severely wounded.
The orc warlord hits you but does no damage.
The orc warrior hits you with a war axe.
The orc wizard barely misses you.
Unknown command.
You hit the orc warlord but do no damage.
The orc warlord is severely wounded.
The orc warlord hits you but does no damage.
The orc wizard hits you but does no damage.
Unknown command.
You smack the orc warlord!
The orc warlord is almost dead.
The orc warrior hits you with a war axe!!
You die...

...........P.....P....
.o.o.............PP........ >...
.T.................#. .#. ....
#..................# ..
#..####................... .#
#...##...............#...## .#
##...............<.........## .#
#............oo.##.[...#.(..## .#
#..........o♣........####(..#
######.##......)..........###..##
.##.##.........))........###...#
##........##..............##..###
..........##..................#.#
##.#......#................#.#)..
####..............#.......###†#.#
.###.............#........#.O...#
.##...................#..........


You could see an orc warlord, a troll, an orc warrior and an orc wizard.

Vanquished Creatures
  Rupert (Orc:2)
  Josephine (D:10)
  6 two-headed ogres
  An orc high priest (Orc:2)
  An unseen horror (D:12)
  A wizard (D:15)
  An orc knight (Orc:2)
  An orc sorcerer (D:15)
  An ugly thing (D:12)
  2 cyclopes
  A manticore (D:15)
  A deep elf mage (D:15)
  4 centaur zombies
  Maurice (D:10)
  2 spiny frogs
  A black mamba (Lair:5)
  A centaur skeleton (D:15)
  4 rime drakes
  An efreet (D:14)
  5 trolls
  A hornet (D:11)
  3 hippogriffs
  3 wyverns
  4 wraiths (D:10)
  19 yaks
  A basilisk (Lair:3)
  Grum (D:10)
  A steam dragon (D:9)
  6 vampire mosquitoes
  3 wargs (Orc:1)
  5 water moccasins
  A hell hound (Lair:6)
  2 porcupines
  An ice beast (D:15)
  11 orc warriors
  A black bear (D:8)
  2 phantoms
  An eye of draining (D:14)
  2 centaurs
  A sky beast (D:7)
  9 crocodiles
  8 ogres
  6 wolves
  5 big kobolds
  12 bullfrogs
  A gnoll sergeant (D:8)
  A water moccasin zombie (D:10)
  A wyvern skeleton (D:6)
  2 scorpions
  8 killer bees
  3 howler monkeys
  8 wights
  2 electric eels (Lair:2)
  5 crimson imps
  A bullfrog zombie (D:12)
  A quasit (D:8)
  2 jellies
  6 hounds
  9 orc wizards
  An orc priest (D:8)
  A bullfrog skeleton (D:4)
  7 hell rats (Lair:6)
  6 worker ants
  2 hound skeletons
  2 worker ant zombies
  4 adders
  13 gnolls
  2 shadow imps
  An ooze (D:2)
  4 adder skeletons
  A worm (D:4)
  2 dart slugs
  6 leopard geckos
  42 orcs
  A ball python (D:6)
  11 bats
  4 giant cockroaches
  5 goblins
  4 hobgoblins (D:1)
  5 jackals
  29 kobolds
  4 quokkas
  5 frilled lizards
  A jackal zombie (D:7)
  2 quokka zombies
  5 rats
  2 fungi
368 creatures vanquished.

Vanquished Creatures (others)
  5 fungi
  A plant (Lair:6)
6 creatures vanquished.

Grand Total: 374 creatures vanquished

Notes
Turn   | Place    | Note
-------+----------+-------------------------------------------
     0 | D:1      | 4thArraOfDagon the Felid Conjurer began the quest for the Orb.
     0 | D:1      | Reached XP level 1. HP: 7/7 MP: 4/4
    60 | D:1      | Found a snail-covered altar of Cheibriados.
    65 | D:1      | Became a worshipper of Cheibriados the Contemplative
   262 | D:1      | Reached XP level 2. HP: 9/11 MP: 1/6
   517 | D:1      | Learned a level 2 spell: Searing Ray
   533 | D:1      | Reached * piety under Cheibriados
   534 | D:1      | Reached skill level 1 in Unarmed Combat
   754 | D:2      | Reached XP level 3. HP: 15/15 MP: 2/7
   801 | D:2      | Found a blossoming altar of Fedhas.
   840 | D:2      | Reached skill level 1 in Fighting
  1141 | D:3      | Reached XP level 4. HP: 19/19 MP: 3/8
  1249 | D:4      | Noticed p0werm0de's ghost (amateur DgNe)
  1383 | D:3      | Reached skill level 1 in Invocations
  1484 | D:4      | Reached XP level 5. HP: 22/22 MP: 9/9
  1532 | D:4      | Noticed a phantom
  1551 | D:4      | Killed a phantom
  1551 | D:4      | Reached ** piety under Cheibriados
  1577 | D:4      | Reached skill level 5 in Stealth
  1577 | D:4      | Gained mutation: You are covered in thick fur. (AC +2) [Felid growth]
  1577 | D:4      | Reached XP level 6. HP: 26/26 MP: 7/10
  1611 | D:5      | Entered Level 5 of the Dungeon
  1758 | D:4      | Found an iron altar of Okawaru.
  2070 | D:4      | Reached XP level 7. HP: 21/30 MP: 11/11
  2395 | D:7      | Found a stormy altar of Qazlal.
  2428 | D:7      | Reached skill level 5 in Unarmed Combat
  2448 | D:7      | Reached *** piety under Cheibriados
  2583 | D:6      | Reached skill level 5 in Dodging
  2798 | D:7      | Reached XP level 8. HP: 34/34 MP: 12/12
  2805 | D:7      | You fall through a shaft!
  2805 | D:8      | Noticed a two-headed ogre
  2808 | D:8      | Killed a two-headed ogre
  2986 | D:9      | Noticed Gastronok
  3375 | D:7      | Reached XP level 9. HP: 39/39 MP: 13/13
  3407 | D:7      | Reached **** piety under Cheibriados
  3508 | D:6      | Found a staircase to the Ecumenical Temple.
  3605 | D:8      | Found a blossoming altar of Fedhas.
  3758 | D:8      | Noticed a two-headed ogre
  3779 | D:8      | Mangled by a two-headed ogre
  3780 | D:8      | Reached XP level 8. HP: -11/54 MP: 12/12
  3819 | D:8      | Found a shattered altar of Ashenzari.
  3820 | D:8      | Found a shadowy altar of Dithmenos.
  3949 | D:8      | Noticed a two-headed ogre
  3965 | D:8      | Killed a two-headed ogre
  3965 | D:8      | Reached skill level 5 in Invocations
  3965 | D:8      | Reached XP level 9. HP: 25/39 MP: 9/13
  4204 | D:10     | Entered Level 10 of the Dungeon
  4207 | D:10     | Found a staircase to the Lair.
  4512 | D:10     | Noticed Maurice
  4515 | D:10     | Killed Maurice
  4519 | D:10     | Noticed Grum
  4556 | D:10     | Killed Grum
  4710 | D:9      | Found a staircase to the Orcish Mines.
  4942 | D:10     | Reached skill level 10 in Stealth
  4945 | D:10     | Reached XP level 10. HP: 27/43 MP: 15/15
  5296 | D:12     | Found a frozen archway.
  5298 | D:12     | Noticed an ice dragon
  5305 | D:12     | Reached skill level 10 in Unarmed Combat
  5318 | D:12     | Noticed a two-headed ogre
  5322 | D:12     | Noticed a red ugly thing
  5324 | D:12     | Killed a red ugly thing
  5408 | D:12     | Noticed a cyclops
  5449 | D:12     | Gained mutation: You are agile. (Dex +2) [mutagenic meat]
  5576 | D:12     | Noticed an unseen horror
  5580 | D:12     | Killed an unseen horror
  5816 | D:13     | Noticed a manticore
  5816 | D:13     | Noticed a white ugly thing
  5868 | D:14     | Reached XP level 11. HP: 18/46 MP: 17/17
  5985 | D:15     | Entered Level 15 of the Dungeon
  6004 | D:15     | Found a sacrificial altar of Ru.
  6085 | D:15     | Noticed a deep elf mage
  6087 | D:15     | Noticed an orc sorcerer
  6087 | D:15     | Noticed a wizard
  6093 | D:15     | Noticed an orc sorcerer
  6094 | D:15     | Killed a wizard
  6096 | D:15     | Killed a deep elf mage
  6103 | D:15     | Killed an orc sorcerer
  6132 | D:15     | Noticed an eight-headed hydra
  6173 | D:15     | Reached skill level 10 in Dodging
  6266 | D:14     | Noticed a seven-headed hydra
  6304 | D:14     | Found a gate to the Vaults.
  6304 | D:14     | Noticed a wizard
  6304 | D:14     | Noticed a necromancer
  6344 | D:15     | Reached skill level 5 in Fighting
  6366 | D:14     | Found Emesh's Distillery.
  6366 | D:14     | Noticed a centaur warrior
  6605 | D:14     | Noticed a deep elf mage
  6630 | D:14     | Bought a potion of curing for 36 gold pieces
  6630 | D:14     | Bought a potion of curing for 36 gold pieces
  6630 | D:14     | Bought a potion of curing for 36 gold pieces
  6630 | D:14     | Bought a potion of brilliance for 48 gold pieces
  6630 | D:14     | Bought a potion of invisibility for 96 gold pieces
  6630 | D:14     | Bought a potion of lignification for 36 gold pieces
  6630 | D:14     | Bought a potion of agility for 48 gold pieces
  6630 | D:14     | Bought a potion of lignification for 36 gold pieces
  6630 | D:14     | Bought a potion of heal wounds for 60 gold pieces
  6630 | D:14     | Bought a potion of curing for 36 gold pieces
  6653 | D:13     | Noticed Urug
  6653 | D:13     | Noticed Kirke
  6658 | D:13     | HP: 2/48 [hog[Kirke] (11)]
  6662 | D:13     | Slain by a hog
  6663 | D:13     | Reached XP level 10. HP: -2/44 MP: 16/16
  6725 | D:11     | Noticed a two-headed ogre
  6732 | D:11     | Killed a two-headed ogre
  6768 | D:12     | Noticed a manticore
  6768 | D:12     | Noticed an ogre mage
  6768 | D:12     | Noticed a two-headed ogre
  6768 | D:12     | Noticed a two-headed ogre
  6768 | D:12     | Noticed a two-headed ogre
  6802 | D:11     | Found a portal to a secret trove of treasure.
  7017 | D:10     | Reached XP level 11. HP: 28/48 MP: 18/18
  7047 | D:10     | Noticed Josephine
  7074 | D:10     | Killed Josephine
  7412 | D:8      | Killed a two-headed ogre
  7415 | D:8      | Reached ***** piety under Cheibriados
  7487 | D:8      | Noticed a two-headed ogre
  7512 | D:8      | Killed a two-headed ogre
  8239 | Orc:1    | Entered Level 1 of the Orcish Mines
  8722 | Orc:2    | Entered Level 2 of the Orcish Mines
  8735 | Orc:2    | Noticed Rupert
  8781 | Orc:2    | Noticed an enchanted long sword
  8797 | Orc:2    | Found a staircase to the Elven Halls.
  8824 | Orc:2    | Killed Rupert
  8866 | Orc:2    | Noticed an orc sorcerer
  8933 | Orc:2    | Noticed an orc warlord
  8934 | Orc:2    | Noticed an orc knight
  8938 | Orc:2    | Noticed a two-headed ogre
  8992 | Orc:2    | Noticed a sixfirhy
  9191 | Lair:1   | Entered Level 1 of the Lair of Beasts
  9227 | Lair:1   | Gained mutation: Your thick and shaggy fur keeps you warm. (AC +3, rC+) [Felid growth]
  9227 | Lair:1   | Reached XP level 12. HP: 53/53 MP: 19/19
  9439 | Lair:3   | Lost mutation: You are agile. (Dex +2) [potion of mutation]
  9439 | Lair:3   | Gained mutation: You are somewhat resistant to further mutation. [potion of mutation]
  9439 | Lair:3   | Gained mutation: Your muscles are strong. (Str +2) [potion of mutation]
  9707 | Lair:6   | Entered Level 6 of the Lair of Beasts
  9735 | Lair:6   | Noticed a six-headed hydra
 10164 | Lair:6   | Noticed a six-headed hydra
 11038 | Orc:2    | Found Joawkuos's Antique Armour Shop.
 11147 | Orc:2    | Mangled by a two-headed ogre
 11148 | Orc:2    | Reached XP level 11. HP: -6/50 MP: 25/28
 11164 | Orc:2    | Noticed an orc high priest
 11164 | Orc:2    | Killed a two-headed ogre
 11175 | Orc:2    | Lost mutation: Your muscles are strong. (Str +2) [a neqoxec]
 11177 | Orc:2    | Noticed a sixfirhy
 11177 | Orc:2    | Noticed a soul eater
 11178 | Orc:2    | Killed an orc high priest
 11193 | Orc:2    | Slain by an orc warrior

Vault maps used:
D:1:      dpeg_arrival_signposts, cheibriados_altar_1
D:2:      fedhas_altar_2
D:3:      marbit_many_paths, serial_park_tiny_1, grunt_ministairs_2
D:4:      okawaru_metal_pillars_1_2, kennysheep_mini_moat, first_bread,
          abandoned_shop, cheibrodos_ashenzari_chains
D:5:      minivault_26
D:6:      minmay_temple_entry_hall
D:7:      basic_altar, grunt_ogre_cave
D:8:      chequers_temple_overflow_statue_of_worship, old_standard_altar
D:9:      orc_0_dummy, uniq_gastronok
D:10:     lair_entry_dummy, serial_shops, shop, kennysheep_decorative_pillar,
          uniq_maurice, uniq_josephine, uniq_grum
D:11:     nicolae_trove_entry_crossroad, special_room, kennysheep_crisscross,
          uniq_snorg
D:12:     portal_ice_cave_entry_animals_and_master, spider_trap
D:13:     uniq_urug, uniq_azrael, uniq_kirke
D:14:     david_vaults_1, serial_shops, nicolae_shop_waterfront
D:15:     grunt_enter_depths_magical_seal, nicolae_ru_awakened_eye,
          corner_web_ring, nrook_pool_corridor
Lair:1:   serial_bayou_shore_b
Lair:2:   serial_bayou_ford_a, lemuel_fruit_tree, lemuel_fruit_fields,
          lemuel_fruit_fields, minmay_lair_oklob_chamber
Lair:3:   minivault_25, beast_lair_carwin_8
Lair:4:   minmay_swamp_entry_swarm, guppyfry_snake_entry_island
Lair:5:   grunt_forest_stairs_basic
Lair:6:   cheibrodos_lair_end_hotspot, slime_altar_2, roderic_batcave
Orc:2:    grunt_orc_gardens, grunt_orc_garden, grunt_orc_garden,
          grunt_orc_garden, grunt_orc_garden, sword_in_stone, uniq_rupert

Skill      XL: |  1  2  3  4  5  6  7  8  9 10 11 12 |
---------------+-------------------------------------+-----
Stealth        | 3 4 5 6 7 10 11 13 | 13.9
Dodging        | 3 4 5 7 8 9 11 12 | 12.2
Unarmed Combat | 1 2 3 4 5 8 9 10 12 13 | 13.1
Fighting       | 1 2 3 4 6 7 |  7.6
Invocations    | 1 2 3 5 6 8 9 |  9.5
Spellcasting   | |  2.0
Conjurations   | |  3.6

Action                   |  1- 3 |  4- 6 |  7- 9 | 10-12 || total
-------------------------+-------+-------+-------+-------++-------
Melee: Unarmed           |    54 |   106 |   343 |   689 ||  1192
       Bite              |     9 |    13 |    55 |   120 ||   197
       Punch             |       |     1 |    16 |    67 ||    84
 Cast: Magic Dart        |    62 |    38 |     3 |     8 ||   111
       Searing Ray       |       |       |       |     1 ||     1
Invok: Bend Time         |       |       |     4 |       ||     4
       Slouch            |       |       |     1 |     9 ||    10
       Temporal Distorti |       |       |     1 |     1 ||     2
 Abil: Evoke Flight      |       |       |       |     1 ||     1
Evoke: Wand              |       |       |       |    13 ||    13
  Use: Scroll            |     3 |     3 |     9 |    15 ||    30
       Potion            |     1 |     1 |     6 |     9 ||    17
 Stab: Sleeping          |     2 |     9 |    18 |    39 ||    68
       Distracted        |       |       |     4 |     2 ||     6
       Paralysed         |       |       |       |     3 ||     3
       Confused          |       |       |       |     3 ||     3
  Eat: Chunk             |     8 |     1 |    12 |    19 ||    40
Armor: Skin              |     2 |     3 |     7 |    34 ||    46
Dodge: Dodged            |    34 |    64 |   223 |   504 ||   825
Block: Other             |    16 |    24 |    77 |   152 ||   269
       Reflection        |     1 |     2 |     2 |     3 ||     8
